 Dungeon Crawl Stone Soup version 0.17-a0-157-g289cc6a (webtiles) character file.

66 Ngotmuk the Shield-Bearer (level 4, 0/29 HPs)
             Began as a Gargoyle Fighter on Mar 26, 2015.
             Slain by an orc (3 damage)
             ... on level 3 of the Dungeon.
             The game lasted 00:03:02 (1344 turns).

Ngotmuk the Shield-Bearer (Gargoyle Fighter)        Turns: 1344, Time: 00:03:02

Health: 0/29       AC: 11    Str: 20    XL:     4   Next: 15%
Magic:  4/4        EV:  7    Int:  9    God:
Gold:   55         SH:  9    Dex:  9    Spells: 0 memorised, 3 levels left

rFire  . . .     SeeInvis .     a - +0 flail
rCold  . . .     Clarity  .     b - +0 scale mail
rNeg   + . .     SustAb   .     c - +0 shield
rPois  ∞         Gourm    .     (no helmet)
rElec  +         Spirit   .     (no cloak)
rCorr  .         Warding  .     (no gloves)
rMut   .         Stasis   .     f - +0 pair of boots (curse)
MR     .....                    (no amulet)
Stlth  ..........               (no ring)
                                (no ring)

@: not resistant to hostile enchantments, extremely unstealthy
A: negative energy resistance 1, electricity resistance, unbreathing,
petrification resistance, rot immunity, AC +3
a: no special abilities


You were on level 3 of the Dungeon.
You were not hungry.

You visited 1 branch of the dungeon, and saw 3 of its levels.

You collected 55 gold pieces.

Inventory:

Hand weapons
 a - a +0 flail (weapon)
Armour
 b - a +0 scale mail (worn)
 c - a +0 shield (worn)
 f - a cursed +0 pair of boots (worn)
Magical devices
 p - a wand of hasting (5)
Scrolls
 g - 2 scrolls of remove curse {unknown}
 h - a scroll of teleportation {unknown}
 i - a scroll of fog {unknown}
 k - a scroll of amnesia {unknown}
 l - a scroll of identify {unknown}
 n - a scroll of blinking {unknown}
 o - a scroll of immolation {unknown}
Potions
 e - a potion of might
 m - a potion of magic {unknown}
Comestibles
 d - 3 bread rations
 j - a fruit


   Skills:
 + Level 4.0 Fighting
 + Level 2.4 Maces & Flails
 + Level 3.8 Armour
 + Level 4.1 Shields


You had 3 spell levels left.
You didn't know any spells.

Dungeon Overview and Level Annotations

Branches:
Dungeon (3/15)

Altars:
Makhleb


Innate Abilities, Weirdness & Mutations

You are resistant to torment.
You are immune to poison.
Your stone body is very resilient (AC +3).
You resist negative energy.
You are resistant to electric shocks.
You can survive without breathing.
You are immune to petrification.
You are immune to rotting.


Message History

The quokka barely misses you.
You closely miss the orc.
The orc is severely wounded.
The quokka bites you but does no damage.
You block the orc's attack. The orc hits you but does no damage.
The quokka bites you.
* * * LOW HITPOINT WARNING * * *
You closely miss the orc.
The orc is severely wounded.
The orc hits you but does no damage. x2
The quokka bites you.
* * * LOW HITPOINT WARNING * * *
You block the orc's attack. The orc hits you with a war axe.
* * * LOW HITPOINT WARNING * * *
An orc comes into view. It is wielding a club.
The orc shouts!
You hit the orc.
The orc is severely wounded.
You block the quokka's attack. The orc hits you.
You die...

. #.##. . ..#.. #.#..o#
#.#!..# .# ....o.
##....#.#K#
#..........ro## .......
#@.## .......# #.o.#
##....#...##.#.#####
#....# #..........#
#####....# ####.......#
.......#.#######.......#
##.....#......###....###
#......†[.............#
................###...#


You could see an orc wizard, 3 orcs, a quokka and a kobold.

Vanquished Creatures
  An adder (D:3)
  A shadow imp (D:2)
  A worm (D:2)
  3 giant geckos
  2 orcs (D:3)
  4 bats
  2 giant cockroaches
  4 hobgoblins
  4 jackals (D:2)
  5 giant newts
  2 goblins
  7 kobolds
  6 rats
42 creatures vanquished.

Notes
Turn   | Place    | Note
--------------------------------------------------------------
     0 | D:1      | Ngotmuk, the Gargoyle Fighter, began the quest for the Orb.
     0 | D:1      | Reached XP level 1. HP: 14/14 MP: 1/1
   154 | D:1      | Reached XP level 2. HP: 6/19 MP: 2/2
   808 | D:2      | Reached XP level 3. HP: 15/24 MP: 3/3
  1161 | D:2      | Reached skill level 4 in Shields
  1200 | D:2      | Found a burning altar of Makhleb.
  1305 | D:3      | Reached XP level 4. HP: 25/29 MP: 4/4
  1344 | D:3      | Slain by an orc

Action                   |  1- 3 |  4- 6 || total
-------------------------+-------+-------++-------
Melee: Flail             |   141 |    14 ||   155
  Eat: Fruit             |     2 |       ||     2
